 Dungeon Crawl Stone Soup version 0.26.1-11-gd32895ea62 (webtiles) character file.

Game seed: 15235565639761684811

22 Gwenloh the Insei (level 3, -3/20 HPs)
             Began as a Kobold Transmuter on May 18, 2021.
             Slain by a bullfrog (7 damage)
             ... on level 2 of the Dungeon.
             The game lasted 00:04:19 (1486 turns).

Gwenloh the Insei (Kobold Transmuter)               Turns: 1486, Time: 00:04:20

Health: -3/20      AC:  2    Str:  7    XL:     3   Next: 7%
Magic:  4/6        EV: 15    Int: 15    God:
Gold:   65         SH:  0    Dex: 15    Spells: 5/6 levels left

rFire    . . .     SeeInvis .     - Unarmed
rCold    . . .     Faith    .   (shield restricted)
rNeg     . . .     Spirit   .   a - +0 robe
rPois    .         Reflect  .   (helmet currently unavailable)
rElec    .         Harm     .   (no cloak)
rCorr    .         Rampage  .   (no gloves)
Will     .....                  (boots currently unavailable)
Stlth    ++........             (no amulet)
HPRegen  0.06/turn              (no ring)
MPRegen  0.10/turn              (no ring)

@: appendages
A: small, horns 2, talons 2, nightstalker 3
a: End Transformation


You were on level 2 of the Dungeon.
You had grown temporary horns.
You had grown temporary talons.
You visited 1 branch of the dungeon, and saw 2 of its levels.

You collected 65 gold pieces.

Inventory:

Missiles
 e - 38 stones (quivered)
 h - 22 sling bullets
Armour
 a - a +0 robe (worn)
Scrolls
 b - 2 scrolls of identify {unknown}
 d - 2 scrolls of magic mapping {unknown}
 f - 2 scrolls of remove curse {unknown}
 i - a scroll of enchant weapon {unknown}
 l - 2 scrolls of teleportation {unknown}
 m - a scroll of immolation {unknown}
Potions
 c - 2 potions of curing {unknown}
 g - a potion of flight {unknown}
 j - a potion of magic {unknown}
 k - a potion of lignification {unknown}


   Skills:
 - Level 1.1 Fighting
 - Level 2.4 Dodging
 + Level 3.5 Unarmed Combat
 - Level 2.1 Spellcasting
 + Level 2.7 Transmutations


You had 5 spell levels left.
You knew the following spells:

 Your Spells              Type           Power        Failure   Level
a - Beastly Appendage     Tmut           18%          7%          1

Your spell library contained the following spells:

 Spells                   Type           Power        Failure   Level
 Wereblood                Tmut           9%           11%         2
 Spider Form              Tmut/Pois      2%           36%         3
 Ice Form                 Ice/Tmut       5%           77%         4
 Blade Hands              Tmut           4%           89%         5


Dungeon Overview and Level Annotations

Branches:
Dungeon (2/15)

Altars:


Innate Abilities, Weirdness & Mutations

You are small and have problems with some larger weapons.
You are completely attuned to the shadows.
You have a pair of horns on your head.
You have razor-sharp toenails.


Message History

The bullfrog is moderately wounded.
The bullfrog hits you.
You hit the bullfrog.
You claw the bullfrog, but do no damage.
The bullfrog is heavily wounded.
The bullfrog hits you.
You are too injured to fight recklessly!
You are too injured to fight recklessly!
You are too injured to fight recklessly!
Casting: Beastly Appendage (safe; 7% risk of failure)
Confirm with . or Enter, or press ? or * to list all spells.
You extend your transformation's duration.
The bullfrog hits you.
* * * LOW HITPOINT WARNING * * *
The bullfrog hits you.
* * * LOW HITPOINT WARNING * * *
You hit the bullfrog.
The bullfrog is heavily wounded.
The bullfrog hits you!
You die...

##### ...<# ##### #
### ..# #.#
#.###################
#...............@F...
#.########.##########
#.# #.# ### ###


You could see a bullfrog.

Vanquished Creatures
  4 bats
  3 giant cockroaches (D:1)
  3 hobgoblins (D:1)
  3 frilled lizards (D:1)
  5 kobolds (D:1)
  3 rats (D:1)
21 creatures vanquished.

Notes
Turn   | Place    | Note
-------+----------+-------------------------------------------
     0 | D:1      | Gwenloh the Kobold Transmuter began the quest for the Orb.
     0 | D:1      | Reached XP level 1. HP: 12/12 MP: 3/3
   356 | D:1      | Reached XP level 2. HP: 11/16 MP: 3/5
  1223 | D:1      | Reached XP level 3. HP: 19/20 MP: 4/6
  1477 | D:2      | Noticed a bullfrog
  1486 | D:2      | Slain by a bullfrog

Illustrated notes

Levels and vault maps discovered:
D:1:      mrwooster_arrival_statue, layout_basic
D:2:      layout_basic, general_overflow_altar, minmay_misc_feat_more_columns

Action                   || total
-------------------------++-------
Melee: Unarmed           ||    48
       Kick              ||    13
       Headbutt          ||     4
       Punch             ||     1
Throw: Stone             ||    31
 Cast: Beastly Appendage ||    20
 Stab: Sleeping          ||     3
Armor: Robe              ||     9
Dodge: Dodged            ||    38
